 Dungeon Crawl Stone Soup version 0.26-a0-1139-g7d2dc893a1 (webtiles) character file.

Game seed: 16148311660942770887

108 night the Stinger (level 4, -8/30 HPs)
             Began as a Demonspawn Venom Mage on Dec 21, 2020.
             Mangled by Sigmund
             ... wielding a +0 scythe
              (12 damage)
             ... on level 2 of the Dungeon.
             The game lasted 00:03:47 (2119 turns).

night the Stinger (Demonspawn Venom Mage)           Turns: 2119, Time: 00:03:47

Health: -8/30      AC:  2    Str:  8    XL:     4   Next: 58%
Magic:  0/9        EV: 12    Int: 18    God:
Gold:   94         SH:  0    Dex: 13    Spells: 8/9 levels left

rFire    . . .     SeeInvis .   e - +0 dagger (venom)
rCold    . . .     Faith    .   (no shield)
rNeg     . . .     Spirit   +   a - +0 robe
rPois    .         Reflect  .   (no helmet)
rElec    .         Harm     .   (no cloak)
rCorr    .         Rampage  .   (no gloves)
Will     .....                  (no boots)
Stlth    ++........             (no amulet)
HPRegen  0.10/turn              l - ring of flight
MPRegen  0.11/turn              (no ring)

@: attractive
A: claws 1, spiny 1, magic shield
a: Evoke Flight


You were on level 2 of the Dungeon.
You visited 1 branch of the dungeon, and saw 2 of its levels.

You collected 94 gold pieces.

Inventory:

Hand Weapons
 e - a +0 dagger of venom (weapon)
 i - a +3 dagger
Missiles
 c - 97 stones
 f - 13 poisoned darts
Armour
 a - a +0 robe (worn)
Jewellery
 l - a ring of flight (left claw)
Scrolls
 b - 2 scrolls of noise {unknown}
 d - a scroll of magic mapping {unknown}
 g - 3 scrolls of remove curse {unknown}
 h - a scroll of blinking {unknown}
 j - 2 scrolls of amnesia {unknown}
 m - 3 scrolls of identify {unknown}


   Skills:
 - Level 1.7 Dodging
 - Level 1.7 Stealth
 + Level 3.4 Spellcasting
 - Level 0.8 Transmutations
 + Level 4.3 Poison Magic


You had 8 spell levels left.
You knew the following spells:

 Your Spells              Type           Power        Failure   Level
a - Sting                 Tmut/Pois      48%          5%          1

Your spell library contained the following spells:

 Spells                   Type           Power        Failure   Level
 Poisonous Vapours        Pois/Air       20%          10%         2
 Ignite Poison            Fire/Tmut/Pois 9%           22%         3
 Mephitic Cloud           Conj/Pois/Air  8%           26%         3
 Olgreb's Toxic Radiance  Pois           18%          26%         4


Dungeon Overview and Level Annotations

Branches:
Dungeon (2/15)

Altars:
Hepliaklqana

Annotations:
D:2 Sigmund


Innate Abilities, Weirdness & Mutations

You have sharp fingernails.
You are partially covered in sharp spines.
When hurt, damage is shared between your health and your magic reserves.


Message History

The puff of flame misses you.
You bump into the rock wall.
Something hits you!
You bump into the rock wall.
You feel less confused. Something hits you.
You hear some strange, mumbled words.
You are confused.
You bump into the rock wall.
Something hits you.
* * * LOW HITPOINT WARNING * * *
It was a potion of attraction.
You feel attractive to monsters. Something hits you.
* * * LOW HITPOINT WARNING * * *
Something is pulled toward you!
You bump into the rock wall.
You hear some strange, mumbled words.
Something tries to affect you, but you resist.
You feel less confused. Something hits you!
You die...

#.# #.# #.# #.#
#.# ### #######.#
#.......#
#######.# #.#
#.##### #..@..#
#####{# ###### #.#
#..... #.# #.....
#.#
##.....#######.#
...............#
##.....###########
#!.._. #........#


There were no monsters in sight!

Vanquished Creatures
  Robin (D:1)
  5 adders
  A ball python (D:2)
  3 giant cockroaches (D:1)
  10 goblins
  8 hobgoblins
  4 jackals (D:2)
  4 kobolds
  2 quokkas (D:2)
  3 bats
  4 frilled lizards
  2 rats
47 creatures vanquished.

Notes
Turn   | Place    | Note
-------+----------+-------------------------------------------
     0 | D:1      | night the Demonspawn Venom Mage began the quest for the
                  | Orb.
     0 | D:1      | Reached XP level 1. HP: 13/13 MP: 3/3
   277 | D:1      | Gained mutation: You are partially covered in sharp spines.
                  | [demonic ancestry]
   277 | D:1      | Reached XP level 2. HP: 19/19 MP: 5/5
  1088 | D:2      | Noticed Robin
  1283 | D:1      | Gained mutation: You have sharp fingernails. [demonic
                  | ancestry]
  1283 | D:1      | Reached XP level 3. HP: 5/24 MP: 5/7
  1289 | D:1      | HP: 3/24 [poisoned by an adder]
  1297 | D:1      | HP: 2/24 [poisoned by an adder]
  1791 | D:2      | Reached skill level 4 in Poison Magic
  1822 | D:2      | Gained mutation: When hurt, damage is shared between your
                  | health and your magic reserves. [demonic ancestry]
  1822 | D:2      | Reached XP level 4. HP: 27/30 MP: 3/8
  1853 | D:1      | Killed Robin
  2092 | D:2      | Found a hazy altar of Hepliaklqana.
  2092 | D:2      | Noticed Sigmund
  2117 | D:2      | HP: 4/30 [something (3)]
  2119 | D:2      | Mangled by Sigmund

Illustrated notes

Levels and vault maps discovered:
D:1:      dpeg_arrival_castle, layout_loops_corners, fountainhead, minivault_14
D:2:      layout_basic, overflow_temple_1_default, uniq_robin, uniq_sigmund,
          uniq_natasha

Skill      XL: |  1  2  3 |
---------------+----------+-----
Spellcasting   | 3 |  3.4
Poison Magic   | 4 |  4.3
Dodging        | |  1.7
Stealth        | |  1.7
Transmutations | |  0.8

Action                   |  1- 3 |  4- 6 || total
-------------------------+-------+-------++-------
Melee: Dagger            |    34 |     7 ||    41
       Unarmed           |     1 |       ||     1
 Cast: Sting             |    36 |    15 ||    51
  Use: Potion            |     2 |     1 ||     3
 Stab: Sleeping          |     1 |       ||     1
Armor: Robe              |     9 |     1 ||    10
Dodge: Dodged            |    39 |     9 ||    48

Table legend: (Time is in decaauts)
 A = Elapsed time spent in this place.
 B = Non-inter-level travel time spent in this place.
 C = Inter-level travel time spent in this place.
 D = Time resting spent in this place.
 E = Time spent auto-exploring this place.
 F = Levels seen in this place.
 G = Mean time per level.
                   A        B        C        D        E       F      G
               +--------+--------+--------+--------+--------+-----+--------+
         Total |   2123 |   2064 |     59 |    598 |   1128 |   2 | 1061.5 |
       Dungeon |   2123 |   2064 |     59 |    598 |   1128 |   2 | 1061.5 |
               +--------+--------+--------+--------+--------+-----+--------+

Top non-repeatable levels by time:
     D:1: 1571 daAuts
     D:2: 552 daAuts
